Map: King Sejong Station LE

Players

Chammy (Cham)

  • Race: Zerg Zerg
  • League: Grandmaster
  • Spawn Location: 11:00

Kelazhur - Winner!

  • Race: Terran Terran
  • League: Master
  • Spawn Location: 5:00

Event: Copa América 2016 Grand Finals

VOD

Have the link to the VOD?

Description

Time

  • Played on: Oct. 14, 2016, 5:22 p.m.
  • Length: 10:22

All games in this series

Show
View Real Time Build Order
Export as new Build Order

Chammy Zerg 

Build Orders: Hatch First 

Get SALT Encoding   

  12  0:00  Drone  
  13  0:08  Drone  
  14  0:16  Overlord  
  14  0:35  Drone  
  14  0:36  Drone x2  
  17  0:52  Hatchery  
  17  0:55  Drone  
  17  0:59  Drone  
  18  1:09  Extractor  
  17  1:14  Spawning Pool  
  17  1:17  Drone  
  17  1:21  Drone  
  18  1:29  Drone  
  19  1:40  Overlord  
  19  1:51  Drone  
  20  2:00  Queen  
  22  2:02  Zergling x2  
  22  2:03  Queen  
  22  2:04  Zergling x2  
  26  2:10  Metabolic Boost  
  26  2:13  Zergling x2  
  27  2:16  Drone  
  28  2:23  Overlord  
  28  2:26  Drone  
  29  2:40  Queen  
  29  2:42  Drone x2  
  33  2:45  Drone  
  33  2:48  Queen  
  33  2:51  Drone  
  37  2:55  Drone  
  39  2:58  Drone  
  39  3:06  Overlord  
  40  3:12  Drone  
  40  3:13  Drone x4  
  40  3:15  Overlord  
  44  3:26  Drone  
  45  3:30  Hatchery  
  44  3:35  Drone  
  44  3:36  Drone  
  44  3:37  Roach Warren  
  44  3:38  Drone  
  46  3:42  Extractor, Drone  
  46  3:56  Drone x3  
  46  3:57  Overlord  
  46  3:58  Zergling x6  
  52  4:03  Zergling x2  
  53  4:11  Zergling x4  
  53  4:12  Drone x3  
  58  4:20  Evolution Chamber  
  58  4:22  Drone  
  58  4:23  Drone  
  59  4:24  Overlord  
  59  4:26  Roach x2  
  63  4:32  Roach  
  63  4:36  Drone  
  63  4:37  Spore Crawler  
  65  4:39  Overlord  
  65  4:40  Roach  
  65  4:45  Roach x3  
  73  4:49  Lair  
  73  4:50  Drone  
  74  4:54  Overlord  
  74  4:55  Drone x3  
  74  4:56  Drone  
  74  4:59  Drone  
  79  5:03  Spore Crawler  
  79  5:04  Drone  
  79  5:07  Spore Crawler, Queen  
  79  5:09  Drone  
  79  5:12  Drone  
  82  5:15  Drone  
  82  5:16  Zerg Ground Armor Level 1  
  82  5:20  Overlord  
  83  5:22  Roach  
  83  5:25  Roach  
  83  5:26  Roach  
  89  5:31  Overlord  
  89  5:34  Drone x3  
  92  5:39  Extractor  
  92  5:40  Extractor, Drone x3  
  93  5:45  Overlord  
  93  5:47  Roach x2  
  98  5:50  Drone  
  98  5:53  Extractor, Overseer  
  98  5:56  Glial Reconstitution  
  97  5:57  Drone  
  97  5:58  Drone x5  
  97  6:01  Overlord  
  97  6:04  Drone x3  
  106  6:07  Overlord  
  106  6:15  Drone x2  
  106  6:16  Drone  
  106  6:17  Drone  
  110  6:19  Extractor  
  102  6:29  Ravager  
  102  6:30  Ravager x2  
  101  6:34  Drone x4  
  101  6:37  Drone  
  101  6:38  Overlord  
  106  6:46  Overlord  
  106  6:56  Infestation Pit  
  106  7:00  Drone x3  
  104  7:02  Hatchery  
  104  7:04  Ravager x3  
  104  7:07  Drone  
  103  7:14  Zerg Ground Armor Level 2, Drone x2  
  105  7:16  Drone  
  105  7:20  Evolution Chamber  
  105  7:27  Roach  
  105  7:28  Roach x2  
  107  7:30  Ravager x3  
  107  7:33  Drone  
  107  7:34  Drone  
  111  7:37  Drone x3  
  111  7:38  Drone  
  111  7:39  Drone  
  111  7:42  Drone x2  
  117  7:51  Hive  
  117  7:58  Roach x2  
  119  8:12  Roach x2  
  125  8:13  Overlord, Roach  
  125  8:17  Drone  
  125  8:18  Roach  
  125  8:19  Roach x2  
  132  8:21  Drone x2  
  132  8:25  Extractor  
  132  8:26  Roach  
  135  8:27  Roach x2  
  135  8:30  Infestor x2  
  135  8:31  Extractor  
  142  8:35  Drone x2  
  142  8:36  Drone  
  142  8:39  Roach  
  147  8:42  Roach  
  133  8:52  Roach  
  132  8:57  Roach  
  132  9:01  Roach  
  112  9:03  Roach x4  
  112  9:07  Roach x2  
  120  9:16  Ravager, Ultralisk Cavern  
  118  9:17  Roach  
  118  9:18  Roach  
  118  9:23  Hatchery  
  120  9:28  Roach x2  
  120  9:29  Roach  
  126  9:31  Roach x2  
  126  9:36  Roach x3  
  126  9:38  Ravager  
  133  9:42  Roach  
  133  9:45  Roach x3  
  141  9:47  Roach  
  141  9:50  Hatchery  
  139  9:54  Roach x2  
  139  9:59  Roach  
  138  10:01  Roach  
Show
View Real Time Build Order
Export as new Build Order

Kelazhur Terran - Winner!

Build Orders: Liberator Opening, Reaper Expand, MMM Bio 

Get SALT Encoding   

  12  0:00  SCV  
  13  0:12  SCV  
  14  0:17  Supply Depot  
  14  0:24  SCV  
  15  0:39  SCV  
  15  0:40  Barracks  
  16  0:44  Refinery  
  16  0:51  SCV  
  17  1:03  SCV  
  18  1:15  SCV  
  19  1:28  Reaper, Orbital Command  
  20  1:40  Command Center  
  20  1:51  Supply Depot  
  20  1:53  SCV  
  21  1:57  Refinery  
  21  2:00  Barracks Reactor  
  21  2:05  SCV  
  22  2:17  SCV  
  22  2:22  Factory  
  23  2:29  SCV  
  24  2:38  Marine x2  
  24  2:42  SCV  
  27  2:52  Orbital Command  
  27  2:54  SCV  
  27  2:56  Marine x2  
  30  3:06  SCV  
  30  3:08  Starport  
  31  3:17  SCV  
  31  3:19  SCV  
  33  3:22  Hellion x2  
  33  3:24  Barracks Tech Lab  
  37  3:29  Supply Depot, SCV  
  37  3:32  SCV  
  39  3:41  SCV  
  39  3:44  SCV  
  39  3:47  Fusion Core  
  41  3:49  Starport Tech Lab  
  41  3:52  Liberator  
  41  3:53  SCV  
  41  3:55  Supply Depot  
  42  3:56  SCV  
  43  4:03  Marine x2  
  43  4:04  Siege Tank  
  43  4:05  SCV  
  43  4:08  SCV  
  53  4:14  Refinery  
  53  4:18  SCV  
  53  4:21  Marine x2, Supply Depot, SCV  
  57  4:30  SCV  
  58  4:33  SCV  
  58  4:34  Advanced Ballistics  
  40  4:38  Liberator  
  59  4:42  SCV  
  59  4:44  Supply Depot  
  59  4:45  SCV  
  61  4:46  Supply Depot  
  61  4:52  Command Center  
  61  4:54  SCV  
  61  4:57  SCV  
  66  5:03  Marine  
  66  5:06  SCV  
  68  5:09  SCV  
  69  5:14  Stimpack  
  69  5:15  Factory Reactor  
  69  5:16  Barracks x2  
  69  5:18  SCV  
  69  5:21  Supply Depot, Liberator  
  70  5:22  SCV  
  70  5:26  Refinery  
  71  5:31  SCV  
  71  5:34  SCV  
  73  5:36  Marine  
  77  5:43  SCV  
  77  5:47  SCV  
  77  5:48  Engineering Bay x2  
  79  5:53  Barracks  
  79  5:54  Barracks  
  79  5:56  Marine  
  80  5:57  SCV  
  80  6:00  SCV  
  80  6:04  Liberator  
  82  6:07  Orbital Command  
  82  6:08  Marine x2  
  82  6:09  SCV  
  85  6:12  SCV  
  85  6:15  Marine x2  
  85  6:18  Terran Infantry Armor Level 1, Terran Infantry Weapons Level 1  
  88  6:21  SCV  
  92  6:26  Marine  
  92  6:27  SCV  
  95  6:33  Marine x2  
  95  6:34  Orbital Command  
  95  6:36  Starport  
  95  6:37  Factory Reactor  
  95  6:38  SCV  
  95  6:39  Supply Depot  
  97  6:41  Armory  
  97  6:42  Barracks Reactor  
  97  6:43  Marauder  
  97  6:46  SCV  
  96  6:50  Liberator  
  96  6:52  Barracks Reactor  
  96  6:53  Marine x3  
  99  7:00  Marine, SCV  
  101  7:04  SCV x2, Marauder  
  105  7:12  SCV  
  105  7:13  Marine  
  105  7:14  Marine x2  
  109  7:17  Combat Shields  
  109  7:20  SCV  
  110  7:24  Factory Tech Lab  
  110  7:26  Marauder  
  112  7:30  Marine x5  
  117  7:45  Marine x3, Supply Depot x2, SCV x2, Medivac x2  
  117  7:46  Marine  
  117  7:49  Marine, Liberator  
  125  8:06  Barracks, Supply Depot, Marine x6  
  125  8:07  Barracks, Supply Depot  
  125  8:08  Barracks  
  125  8:09  Supply Depot  
  134  8:15  Medivac x2  
  134  8:19  Marine, Refinery  
  138  8:20  Marauder  
  138  8:21  Supply Depot x2  
  138  8:26  Marine x3  
  141  8:27  Marine x4  
  141  8:33  Supply Depot  
  145  8:37  Marine  
  145  8:40  Marine  
  147  8:44  Marine x2, Supply Depot  
  144  8:49  Medivac x2  
  144  8:51  Marine x5  
  144  8:55  Marine  
  147  8:58  Marine  
  147  9:02  Marine  
  143  9:08  Supply Depot  
  138  9:10  Marine  
  138  9:11  Marine  
  138  9:13  Supply Depot  
  138  9:14  Marine  
  138  9:15  Marine x2  
  138  9:16  Barracks Tech Lab x3  
  143  9:19  Medivac  
  144  9:29  Marine  
  144  9:30  Marauder  
  146  9:33  Marine  
  146  9:34  Marine x4  
  151  9:40  Medivac, Siege Tank  
  159  9:47  Marauder x2  
  159  9:48  Marine x4  
  159  9:51  Marauder  
  169  9:52  Refinery  
  169  9:53  Command Center  
  163  10:04  Marine  
Tags
 
Add a new tag
Caveats
  • Supply blocks, unpowered buildings, or Contaminate may cause inaccurate times.
  • Supply counts are checked every 10 seconds.